 Dungeon Crawl Stone Soup version 0.30-a0-691-g754fce4c43 (webtiles) character file.

Game seed: 8629722963975346468

6819 Absynth the Destroyer (level 10, 0/69 HPs)
             Began as a Green Draconian Conjurer on Jan 19, 2023.
             Was a Believer of Vehumet.
             Killed by the air
             ... invoked by Gastronok
              (32 damage)
             ... on level 9 of the Dungeon.
             The game lasted 00:42:59 (8638 turns).

Absynth the Destroyer (Green Draconian Conjurer)    Turns: 8638, Time: 00:43:00

Health: 0/69       AC: 10    Str:  9    XL:     10   Next: 77%
Magic:  10/22      EV: 12    Int: 24    God:    Vehumet [**....]
Gold:   429        SH:  0    Dex: 15    Spells: 13/26 levels left

rFire   . . .      SeeInvis .    m - +2 dagger (venom)
rCold   . . .      Faith    .    (no shield)
rNeg    + . .      Spirit   .    (body armour unavailable)
rPois   +          Reflect  .    (helmet restricted)
rElec   .          Harm     .    w - +0 cloak
rCorr   .          Rampage  .    (no gloves)
Will    .....                    y - +1 pair of boots
Stlth   ++                       e - amulet of magic regeneration
HPRegen 0.31/turn                i - ring of positive energy
MPRegen 0.58/turn                x - +6 ring of dexterity

@: short of breath
A: breathe noxious fumes, AC +7, unfitting armour, poison resistance,
cold-blooded
a: Breathe Noxious Fumes, Renounce Religion


You were on level 9 of the Dungeon.
You worshipped Vehumet.
Vehumet was pleased with you.
You visited 2 branches of the dungeon, and saw 10 of its levels.
You also visited: Ossuary.

You collected 429 gold pieces.

Inventory:

Hand Weapons
 m - a +2 dagger of venom (weapon)
Armour
 w - a +0 cloak (worn)
 y - a +1 pair of boots (worn)
Jewellery
 e - an amulet of magic regeneration (around neck)
 i - a ring of positive energy (left hand)
 x - a +6 ring of dexterity (right hand)
 D - a ring of protection from fire
Wands
 t - a wand of roots (31)
 u - a wand of mindburst (20)
 v - a wand of digging (6)
 E - a wand of quicksilver (6)
Scrolls
 b - 3 scrolls of amnesia
 d - 3 scrolls of identify
 k - 5 scrolls of teleportation
 p - a scroll of poison
 z - 2 scrolls of fog
 H - a scroll of magic mapping
Potions
 a - a potion of magic
 c - a potion of invisibility {unknown}
 f - 2 potions of lignification {unknown}
 g - 6 potions of heal wounds
 h - 2 potions of haste
 j - 2 potions of attraction {unknown}
 l - 7 potions of curing
 n - a potion of flight {unknown}
 o - a potion of mutation {unknown}
 q - 2 potions of might {unknown}
 A - a potion of resistance {unknown}
 F - 3 potions of degeneration {unknown}
 G - 2 potions of brilliance {unknown}


   Skills:
 - Level 1.7 Dodging
 - Level 1.7 Stealth
 + Level 8.6 Spellcasting
 + Level 9.0 Conjurations
 - Level 7.4 Fire Magic
 + Level 5.9 Ice Magic
 + Level 5.9 Air Magic


You had 13 spell levels left.
You knew the following spells:

 Your Spells              Type           Power      Damage    Failure   Level
a - Shock                 Conj/Air       100%       1d9       1%          1
b - Searing Ray           Conj           100%       2d8       1%          2
c - Freezing Cloud        Conj/Ice/Air   21%        6-21      10%         5
s - Sticky Flame          Conj/Fire      49%        2d7       1%          4
z - Magic Dart            Conj           100%       1d8       1%          1

Your spell library contained the following spells:

 Spells                   Type           Power      Damage    Failure   Level
 Static Discharge         Conj/Air       92%        2-6/arc   1%          2
 Ozocubu's Armour         Ice            38%        N/A       1%          3
 Dazzling Flash           Conj/Hex       62%        N/A       3%          3
 Cigotuvi's Dreadful Rot  Necr/Pois/Air  38%        N/A       4%          2
 Ignite Poison            Fire/Tmut/Pois 22%        N/A       7%          3
 Fulminant Prism          Conj/Hex       15%        3d11      10%         4
 Iskenderun's Mystic Bla  Conj/Tloc      31%        2d8       10%         4
 Dispel Undead            Necr           10%        3d9       52%         4
 Petrify                  Tmut/Erth      10%        N/A       52%         4
 Death Channel            Necr           5%         N/A       100%        6
 Ignition                 Fire           23%        3d8       100%        8


Dungeon Overview and Level Annotations

Branches:
Dungeon (9/15)             Temple (1/1) D:5         Ossuary (visited)
   Lair: D:8-11         Orc: D:9-12

Altars:
Ashenzari
Cheibriados
Dithmenos
Elyvilon
Fedhas
Gozag
Hepliaklqana
Makhleb
Nemelex Xobeh
Okawaru
Qazlal
Ru
Sif Muna
Trog
Uskayaw
Vehumet
Wu Jian
Xom
Yredelemnul
Zin

Shops:
D:3 *

Annotations:
D:4 Edmund
D:9 Gastronok


Innate Abilities, Weirdness & Mutations

You can breathe blasts of noxious fumes.
Your lurid green scales are hard. (AC +7)
You cannot fit into any form of body armour.
Your system is resistant to poisons. (rPois)
You are cold-blooded and may be slowed by cold attacks.


Message History

Gastronok is heavily wounded.
Gastronok is covered in liquid flames!
Gastronok burns!
Gastronok bites you! The rat closely misses you.
The rat attacks as you move away! The rat barely misses you.
Gastronok burns!
Aiming: Shock (safe; 1% risk of failure)
Press: ? - help, Q - select action, (/) - cycle Shift-Dir - straight line, f/p - Gastronok
Aim: Gastronok, wearing a +0 hat of see invisible (severely wounded, covering ground quickly, covered in liquid flames, 100% to hit)
The zap hits the rat!
You kill the rat!
The rat's corpse disappears in a puff of smoke!
The zap hits Gastronok!
Gastronok is severely wounded.
Gastronok burns!
You feel briefly sluggish.
Aiming: Shock (safe; 1% risk of failure)
Press: ? - help, Q - select action, (/) - cycle Shift-Dir - straight line, f/p - Gastronok
Aim: Gastronok, wearing a +0 hat of see invisible (severely wounded, covering ground quickly, covered in liquid flames, 100% to hit)
The zap hits Gastronok.
Gastronok is severely wounded.
Gastronok burns!
Aiming: Shock (safe; 1% risk of failure)
Press: ? - help, Q - select action, (/) - cycle Shift-Dir - straight line, f/p - Gastronok
Aim: Gastronok, wearing a +0 hat of see invisible (severely wounded, covering ground quickly, covered in liquid flames, 100% to hit)
The zap hits Gastronok.
Gastronok is severely wounded.
Gastronok burns!
Gastronok waves his eye-stalks in wide circles.
The air twists around and strikes you!
Gastronok burns!
Casting: Shock (safe; 1% risk of failure)
Confirm with . or Enter, or press ? or * to list all spells.
Aiming: Sticky Flame (dangerous; 1% risk of failure)
Press: ? - help, Shift-Dir - straight line, f/p - Gastronok
Aim: Gastronok, wearing a +0 hat of see invisible (almost dead, covering ground quickly, covered in liquid flames)
The sticky flame hits Gastronok!
Gastronok is almost dead.
Gastronok is covered in liquid flames!
Gastronok burns!
Gastronok waves his eye-stalks in wide circles.
The air twists around and strikes you!!
You die...

#w##.#########.# #.#
.# ### #.# #.# .. ..#
#.# #######.######.#
#.# .............#.#
#.# ........##.....##
#.#
##########.###..####.#
#.# #w......#
#.###@.###### #.....##
#####.# #.# #.# #.#
#.. ###


You could see Gastronok (swift, burning).

Vanquished Creatures
  3 skeletal warriors (D:8)
  Maggie (D:6)
  A hornet (D:8)
  Grinder (D:4)
  Prince Ribbit (D:6)
  Sigmund (D:5)
  A wraith (Ossuary)
  3 yaks (D:9)
  A wyvern (D:6)
  4 steam dragons
  Duvessa (D:5)
  3 ice beasts
  2 sky beasts (D:7)
  An orc warrior (D:6)
  3 black bears
  3 ogres
  A phantom (D:4)
  2 kobold brigands
  Blork the orc (D:6)
  3 bullfrogs
  2 necrophages
  2 scorpions
  Dowan (D:5)
  A howler monkey (D:9)
  A gnoll bouda (D:8)
  A hound (D:5)
  A human zombie (Ossuary)
  5 jellies
  5 orc priests
  Crazy Yiuf (D:3)
  Natasha (thrice) (D:3)
  Terence (D:2)
  3 iguanas
  7 orc wizards
  2 mummies (Ossuary)
  Robin (D:2)
  4 gnolls (D:8)
  An adder (D:5)
  A shadow imp (D:6)
  An ufetubus (D:6)
  3 worms
  2 dart slugs
  19 orcs
  8 endoplasms
  5 giant cockroaches
  18 goblins
  6 hobgoblins
  4 jackals (D:3)
  9 kobolds
  4 quokkas
  10 ball pythons
  7 bats
  2 frilled lizards
  2 goblin zombies (Ossuary)
  2 hobgoblin zombies (Ossuary)
  6 kobold zombies (Ossuary)
  2 rats
190 creatures vanquished.

Vanquished Creatures (others)
  2 plants (D:7)
  4 withered plants (D:9)
6 creatures vanquished.

Grand Total: 196 creatures vanquished

Notes
Turn   | Place    | Note
-------+----------+-------------------------------------------
     0 | D:1      | Absynth the Draconian Conjurer began the quest for the Orb.
     0 | D:1      | Reached XP level 1. HP: 14/14 MP: 3/3
   297 | D:1      | Reached XP level 2. HP: 20/20 MP: 1/5
   439 | D:1      | Learned a level 2 spell: Searing Ray
   683 | D:2      | Found a sacrificial altar of Ru.
   878 | D:2      | Noticed Robin
   887 | D:2      | Reached XP level 3. HP: 26/26 MP: 1/7
   922 | D:2      | Killed Robin
  1382 | D:2      | Noticed Terence
  1388 | D:2      | Killed Terence
  1389 | D:2      | Reached XP level 4. HP: 33/33 MP: 2/9
  1671 | D:3      | Noticed an ogre
  1696 | D:3      | Killed an ogre
  1697 | D:3      | Reached skill level 5 in Conjurations
  1697 | D:3      | Reached XP level 5. HP: 38/38 MP: 3/11
  1948 | D:3      | Noticed Natasha
  1954 | D:3      | Killed Natasha
  2017 | D:3      | Noticed Natasha
  2023 | D:3      | Killed Natasha
  2024 | D:3      | Reached skill level 5 in Spellcasting
  2024 | D:3      | Reached XP level 6. HP: 41/45 MP: 10/13
  2051 | D:3      | Found Ripoy's General Store.
  2060 | D:3      | Noticed Natasha
  2063 | D:3      | Killed Natasha
  2066 | D:3      | Got the Precepts of Amorphous Algor
  2159 | D:3      | Found a runed translucent door.
  2160 | D:3      | Noticed Crazy Yiuf
  2167 | D:3      | Killed Crazy Yiuf
  2511 | D:4      | Identified the +0 falchion of the Twelve Planets {heavy,
                  | rF+ Stlth+}
  2660 | D:4      | Noticed Grinder
  2864 | D:4      | Your scales start taking on a lurid green colour.
  2864 | D:4      | Reached XP level 7. HP: 50/50 MP: 10/16
  2864 | D:4      | Gained mutation: Your system is resistant to poisons.
                  | (rPois) [Green Draconian growth]
  2879 | D:4      | Learned a level 4 spell: Sticky Flame
  3044 | D:4      | Noticed Edmund
  3125 | D:4      | Noticed a steam dragon
  3206 | D:4      | Reached skill level 1 in Fire Magic
  3209 | D:4      | You fall into a shaft and drop 1 floor!
  3209 | D:5      | Entered Level 5 of the Dungeon
  3250 | D:5      | Found a bloodstained altar of Trog.
  3265 | D:5      | Found a shadowy altar of Dithmenos.
  3622 | D:4      | Killed Grinder
  3646 | D:4      | Killed a steam dragon
  3766 | D:5      | Reached skill level 6 in Conjurations
  3766 | D:5      | Reached XP level 8. HP: 38/57 MP: 10/17
  3906 | D:5      | Reached skill level 5 in Fire Magic
  3918 | D:5      | Noticed Duvessa
  3927 | D:5      | Noticed Dowan
  3943 | D:5      | Killed Duvessa
  3996 | D:5      | Found a sparkling altar of Nemelex Xobeh.
  4078 | D:5      | Killed Dowan
  4127 | D:5      | Noticed Sigmund
  4135 | D:5      | Killed Sigmund
  4228 | D:5      | Found a staircase to the Ecumenical Temple.
  4237 | Temple   | Entered the Ecumenical Temple
  4242 | Temple   | Became a worshipper of Vehumet
  4340 | D:5      | Found a snail-covered altar of Cheibriados.
  4653 | D:6      | Noticed Prince Ribbit
  4660 | D:6      | Killed Prince Ribbit
  4661 | D:6      | Reached skill level 7 in Conjurations
  4863 | D:6      | Reached XP level 9. HP: 54/62 MP: 13/19
  4898 | D:6      | Found a shimmering blue altar of Sif Muna.
  4990 | D:6      | Found a burning altar of Makhleb.
  5070 | D:6      | Noticed Maggie
  5087 | D:6      | Killed Maggie
  5371 | D:6      | Noticed Blork the orc
  5379 | D:6      | Killed Blork the orc
  5380 | D:6      | Reached skill level 8 in Conjurations
  5858 | D:7      | Reached * piety under Vehumet
  5858 | D:7      | Offered knowledge of Shock by Vehumet.
  5861 | D:7      | Learned a level 1 spell: Shock
  5899 | D:7      | Found a sand-covered staircase.
  5902 | Ossuary  | Entered an ossuary
  6078 | Ossuary  | Reached skill level 1 in Ice Magic
  6078 | Ossuary  | Reached skill level 1 in Air Magic
  6464 | D:7      | Found a broken altar of Ashenzari.
  6527 | D:7      | Found a hazy altar of Hepliaklqana.
  6637 | D:7      | Found a white marble altar of Elyvilon.
  6917 | D:7      | Learned a level 5 spell: Freezing Cloud
  7192 | D:8      | Reached XP level 10. HP: 69/69 MP: 19/22
  7208 | D:8      | Noticed a skeletal warrior
  7233 | D:8      | Killed a skeletal warrior
  7251 | D:8      | Offered knowledge of Static Discharge by Vehumet.
  7497 | D:8      | Reached ** piety under Vehumet
  7710 | D:8      | Reached skill level 5 in Ice Magic
  7710 | D:8      | Reached skill level 5 in Air Magic
  7730 | D:8      | Noticed a skeletal warrior
  7775 | D:8      | Noticed a skeletal warrior
  7832 | D:8      | Killed a skeletal warrior
  7845 | D:8      | Killed a skeletal warrior
  8209 | D:8      | Found a blossoming altar of Fedhas.
  8440 | D:9      | Reached skill level 9 in Conjurations
  8484 | D:9      | Noticed Gastronok
  8638 | D:9      | Killed from afar by Gastronok

Illustrated notes

Levels and vault maps discovered:
D:1:      lightli_arrival_boilingwater, layout_basic, minmay_tromino_v7
D:2:      minmay_chambers_of_ones, layout_basic, basic_altar,
          patterned_corridor, uniq_terence, uniq_robin
D:3:      layout_basic, serial_shops, shop, serial_bayou_pond_e,
          guppyfry_early_lair_pool, uniq_natasha, uniq_crazy_yiuf_cottage
D:4:      layout_gridville, uniq_edmund, uniq_grinder
D:5:      layout_basic, nemelex_xobeh_ov_fountains_minmay,
          mainiacjoe_overflow_alcove_4, nicolae_overflow_squiral,
          minmay_temple_entry_antechambers, uniq_duvessa, uniq_sigmund
D:6:      layout_basic, mainiacjoe_overflow_swirl, grunt_decor_one_mirror,
          uniq_prince_ribbit1, uniq_blork_the_orc, uniq_maggie
D:7:      layout_rooms, mainiacjoe_overflow_alcove_2, ashenzari_altar_1,
          nicolae_elyvilon_temple_path, lightli_ossuary_entry_decrepit_ruins,
          lemuel_flame_loot_1
D:8:      layout_basic, fedhas_altar_fruit_tree
D:9:      layout_loops_ring, nicolae_tso_swordbearing_angel,
          kiku_gazebo_garden_becter, david_lair_shrubbed, uniq_maurice,
          uniq_gastronok
Temple:   nicolae_temple_ecumenical_triangle

Skill      XL: |  1  2  3  4  5  6  7  8  9 10 |
---------------+-------------------------------+-----
Spellcasting   | 3 4 5 6 7 8 |  8.6
Conjurations   | 5 6 7 8 9 |  9.0
Fire Magic     | 4 6 7 |  7.4
Ice Magic      | 3 5 |  5.9
Air Magic      | 3 5 |  5.9
Dodging        | |  1.7
Stealth        | |  1.7

Action                   |  1- 3 |  4- 6 |  7- 9 | 10-12 || total
-------------------------+-------+-------+-------+-------++-------
Melee: Dagger            |     7 |    10 |    10 |     3 ||    30
       Tailslap          |     2 |     2 |     1 |     1 ||     6
       Unarmed           |     1 |       |       |       ||     1
       Punch             |       |       |     1 |       ||     1
 Cast: Magic Dart        |    52 |    71 |   103 |       ||   226
       Searing Ray       |     8 |    13 |    16 |       ||    37
       Sticky Flame      |       |       |    39 |    29 ||    68
       Shock             |       |       |    42 |    65 ||   107
       Freezing Cloud    |       |       |       |     2 ||     2
 Abil: Breathe Noxious F |       |       |       |     1 ||     1
  Use: Scroll            |       |       |    12 |       ||    12
       Potion            |       |       |     1 |     1 ||     2
Armor: Skin              |     7 |    21 |    18 |    13 ||    59
Dodge: Dodged            |    26 |    41 |    33 |    34 ||   134

Table legend: (Time is in decaauts)
 A = Elapsed time spent in this place.
 B = Non-inter-level travel time spent in this place.
 C = Inter-level travel time spent in this place.
 D = Time resting spent in this place.
 E = Time spent auto-exploring this place.
 F = Levels seen in this place.
 G = Mean time per level.
                   A        B        C        D        E       F      G
               +--------+--------+--------+--------+--------+-----+--------+
         Total |   8659 |   8287 |    372 |   1294 |   4762 |  11 |  787.2 |
       Dungeon |   8188 |   7824 |    364 |   1257 |   4734 |   9 |  909.8 |
        Temple |     44 |     36 |      8 |      0 |     28 |   1 |   44.0 |
       Ossuary |    425 |    425 |      0 |     37 |      0 |   1 |  425.0 |
               +--------+--------+--------+--------+--------+-----+--------+

Top non-repeatable levels by time:
     D:6: 1236 daAuts
     D:4: 1212 daAuts
     D:8: 1200 daAuts
     D:2: 979 daAuts
     D:3: 897 daAuts
     D:7: 847 daAuts
     D:5: 805 daAuts
     D:1: 636 daAuts
 Ossuary: 425 daAuts
     D:9: 372 daAuts
  Temple: 44 daAuts
